 Dungeon Crawl Stone Soup version 0.29.1-12-g30fa7ad0bf (webtiles) character file.

Game seed: 9099418461734655956

21 Lutefisk the Gusty (level 2, 0/18 HPs)
             Began as a Tengu Air Elementalist on Dec 27, 2022.
             Slain by a jackal (3 damage)
             ... on level 1 of the Dungeon.
             The game lasted 00:02:41 (344 turns).

Lutefisk the Gusty (Tengu Air Elementalist)          Turns: 344, Time: 00:02:42

Health: 0/18       AC:  2    Str:  8    XL:     2   Next: 83%
Magic:  1/6        EV: 12    Int: 15    God:
Gold:   30         SH:  0    Dex: 14    Spells: 4/5 levels left

rFire   . . .      SeeInvis .   c - +0 war axe
rCold   + . .      Faith    .   (no shield)
rNeg    . . .      Spirit   .   a - +0 robe
rPois   .          Reflect  .   (helmet restricted)
rElec   .          Harm     .   (no cloak)
rCorr   .          Rampage  .   (no gloves)
Will    .....                   (boots unavailable)
Stlth   ++........              (no amulet)
HPRegen 0.06/turn               f - ring of protection from cold
MPRegen 0.10/turn               (no ring)

@: no status effects
A: beak, talons 3
a: no special abilities


You were on level 1 of the Dungeon.
You visited 1 branch of the dungeon, and saw 2 of its levels.

You collected 30 gold pieces.

Inventory:

Hand Weapons
 c - a +0 war axe (weapon)
Missiles
 j - an atropa-tipped dart (quivered)
Armour
 a - a +0 robe (worn)
Jewellery
 f - a ring of protection from cold (left hand)
Scrolls
 d - a scroll of enchant armour {unknown}
 g - a scroll of vulnerability {unknown}
 i - a scroll of fear {unknown}
Potions
 b - a potion of magic
 e - a potion of haste {unknown}
 h - a potion of degeneration {unknown}


   Skills:
 + Level 2.3 Fighting
 - Level 2.1 Dodging
 - Level 2.0 Stealth
 - Level 2.0 Spellcasting
 - Level 1.3 Conjurations
 - Level 4.0 Air Magic


You had 4 spell levels left.
You knew the following spells:

 Your Spells              Type           Power      Damage    Failure   Level
a - Shock                 Conj/Air       36%        1d5       8%          1

Your spell library contained the following spells:

 Spells                   Type           Power      Damage    Failure   Level
 Static Discharge         Conj/Air       9%         3-5/arc   11%         2
 Swiftness                Air            13%        N/A       13%         3
 Necrotise                Necr           4%         1d4       22%         1
 Sandblast                Erth           2%         2d4       22%         1
 Passwall                 Tmut/Erth      0%         N/A       32%         2
 Airstrike                Air            6%         2d(1-17)  38%         4
 Stone Arrow              Conj/Erth      6%         3d7       45%         3
 Vampiric Draining        Necr           1%         2d6       54%         3
 Agony                    Necr           1%         N/A       99%         5


Dungeon Overview and Level Annotations

Branches:
Dungeon (2/15)

Altars:


Innate Abilities, Weirdness & Mutations

You have a beak for a mouth.
You have claws for feet.


Message History

Aiming: Shock (safe; 8% risk of failure)
Press: ? - help, Shift-Dir - straight line, f - goblin
Aim: a goblin, wielding a +0 club (60% to hit)
The zap hits the goblin.
You kill the goblin!
The zap misses the jackal.
The zap hits the jackal.
The jackal is almost dead.
The zap hits the jackal.
The jackal is lightly wounded.
The jackal barks!
The jackal bites you.
* * * LOW HITPOINT WARNING * * *
Casting: Shock (safe; 8% risk of failure)
Confirm with . or Enter, or press ? or * to list all spells.
Aiming: Shock (safe; 8% risk of failure)
Press: ? - help, Shift-Dir - straight line, f - jackal
Aim: a jackal (60% to hit)
The zap misses the jackal.
The zap hits the jackal.
You kill the jackal!
The zap hits the jackal.
The jackal is moderately wounded.
The jackal closely misses you.
Unknown command.
Throw: 2 darts (atropa)
Press: ? - help, Q - select action, (/) - cycle Shift-Dir - straight line, f/p - jackal
Aim: a jackal (51% to hit, chance to blind on hit: 100%)
You throw an atropa-tipped dart. The atropa-tipped dart hits the jackal.
The jackal appears confused.
The jackal barely misses the jackal.
The jackal misses you.
The jackal seems less confused.
The jackal barely misses you.
The jackal is no longer blind.
The jackal misses you.
There is a stone staircase leading down here.
You miss the jackal. You completely miss the jackal.
The jackal bites you but does no damage.
The jackal closely misses you. The jackal completely misses you.
The jackal bites you but does no damage.
The jackal attacks as you move away! The jackal bites you.
You die...

#..#...#.#..###
#..#...#....[.#
##..#........#.# .#
....###........# ...###
....####.####..# ...#..
##..#..........# .....#
#..#..........#######......
#..........##...........
#...........@hh.........
##..#..........##h.........#
....#..........#####.#.....
....#..........# #.# .#.
....###.......## #h#
#######.##..#.# #(#
#.........#.# #>#
###.###.#####.# #....hh.#
........#####.# #[......#


You could see 3 jackals.

Vanquished Creatures
  2 bats
  3 giant cockroaches
  3 goblins
  A hobgoblin (D:2)
  A jackal (D:1)
  A quokka (D:2)
  A ball python (D:1)
  7 rats
19 creatures vanquished.

Notes
Turn   | Place    | Note
-------+----------+-------------------------------------------
     0 | D:1      | Lutefisk the Tengu Air Elementalist began the quest for the
                  | Orb.
     0 | D:1      | Reached XP level 1. HP: 10/10 MP: 4/4
   136 | D:1      | Reached skill level 1 in Fighting
   223 | D:2      | Reached XP level 2. HP: 16/16 MP: 3/6
   344 | D:1      | Slain by a jackal

Illustrated notes

Levels and vault maps discovered:
D:1:      dpeg_arrival_boxes_within_box, layout_loops_cross, serial_shops,
          nicolae_shop_advertising_works [nicolae_subvault_shop_adworks]
D:2:      layout_loops_ring, dreamdust_ecumenical_altar_statues,
          minmay_rat_gold_closets

Skill      XL: |  1  2 |
---------------+-------+-----
Fighting       | 1 2 |  2.3
Dodging        | |  2.1
Stealth        | |  2.0
Spellcasting   | |  2.0
Conjurations   | |  1.3
Air Magic      | |  4.0

Action                   || total
-------------------------++-------
Melee: War axe           ||    13
       Kick              ||     1
Throw: Dart              ||     1
 Cast: Shock             ||    23
Armor: Robe              ||     3
Dodge: Dodged            ||    13
